Ice Hogs vs Bears

Created - Wednesday, January 20, 2016 at 12:17

Goals
1 2 3 OT1 SO T
Ice Hogs 1 0 0 0 0 1
Bears 0 0 1 0 1 2
Shots
1 2 3 OT1 SO T
Ice Hogs 13 6 6 1 3 26
Bears 1 8 12 6 2 27

1st period

1. Ice Hogs , Matt Fraser 12 (J.T. Miller) at 12:09 (PP)

Penalties :
Kyle Clifford (Her) for Fighting (Major) at 3:38, Mathieu Brodeur (RIH) for Fighting (Major) at 3:38, Kyle Clifford (Her) for instigated a fight (Minor) at 3:38, Kyle Clifford (Her) for instigated a fight (10 Minutes Misconduct) at 3:38, Andreas Athanasiou (Her) for Hooking (Minor) at 8:16, Steve Bernier (Her) for Goalie Interference (Minor) at 10:56

2nd period

No Goal

Penalties :
J.T. Miller (RIH) for Tripping (Minor) at 0:06, Kyle Clifford (Her) for Fighting (Major) at 12:14, Jean-Philippe Cote (RIH) for Fighting (Major) at 12:14, Michael Ryder (Her) for Tripping (Minor) at 19:40

3rd period

2. Bears , Justin Florek 5 (Jeremy Langlois) at 18:18

Penalties :
Justin Florek (Her) for Fighting (Major) at 2:02, Jean-Philippe Cote (RIH) for Fighting (Major) at 2:02, Erik Condra (Her) for Tripping (Minor) at 8:04, Matt Pelech (Her) for Fighting (Major) at 10:34, Jean-Philippe Cote (RIH) for Fighting (Major / Game Misconduct) at 10:34

Overtime #1

No Goal

Penalties :
No Penalty

Shootout

Penalty Shot by Travis Morin for Ice Hogs - Stopped by Matt Murray
Penalty Shot by Steve Bernier for Bears - Goal!
Penalty Shot by Colin McDonald for Ice Hogs - Stopped by Matt Murray
Penalty Shot by Michael Ryder for Bears - Stopped by Yann Danis
Penalty Shot by J.T. Miller for Ice Hogs - Stopped by Matt Murray

Penalties :
No Penalty

Goalie Stats

Yann Danis (RIH), 26 saves from 27 shots - (0.963), OTL, 29-8-10, 65:00 minutes
Matt Murray (Her), 25 saves from 26 shots - (0.962), W, 8-0-2, 65:00 minutes

Players Stats for Ice Hogs

Player Name              G  A  P  +/- PIM S  H  SB GA TA FO     MP     PP MP  PK MP  
------------------------------------------------------------------------------------
Anton Volchenkov         0  0  0   0  0   4  0  5  1  2  0/0    28:54   4:04   1:08 
Brian Gibbons            0  0  0   0  0   3  0  1  1  1  0/0    16:50   4:25   1:28 
Colin McDonald           0  0  0   0  0   0  2  0  1  1  0/0    16:51   4:25   0:00 
Derek Hulak              0  0  0   0  0   3  0  1  1  0  0/0    10:04   0:00   0:00 
Frank Corrado            0  0  0  -1  0   3  3  4  1  0  0/0    27:40   5:18   0:51 
J.T. Miller              0  1  1   0  2   2  1  1  3  0  1/1    18:21   4:44   0:00 
Jean-Philippe Cote       0  0  0   0  25  0  0  1  0  0  0/0    10:17   0:00   0:00 
Kyle Hagel               0  0  0   0  0   0  4  2  0  2  0/0    22:42   0:00   0:00 
Mathieu Brodeur          0  0  0   0  5   3  3  1  0  0  0/0    17:29   3:14   1:08 
Matt Fraser              1  0  1   0  0   2  2  1  4  0  0/2    18:31   4:44   0:31 
Oscar Lindberg           0  0  0  -1  0   4  0  0  5  0  8/13   17:16   0:00   0:00 
Petr Straka              0  0  0  -1  0   0  0  0  0  0  0/1    12:43   0:00   0:00 
Scott Wilson             0  0  0  -1  0   2  1  0  2  2  0/0    15:25   0:00   0:00 
T.J. Tynan               0  0  0   0  0   0  1  0  1  0  4/5    12:22   0:00   0:00 
Tim Schaller             0  0  0   0  0   0  6  1  1  2  11/21  19:16   4:44   1:16 
Travis Morin             0  0  0   0  0   0  0  0  0  0  8/13   17:56   4:25   0:43 
Viktor Svedberg          0  0  0  -1  0   0  1  1  0  0  0/0    22:52   5:42   0:51 
Will Acton               0  0  0   0  0   0  1  0  1  1  1/1    12:22   0:00   0:00 

Players Stats for Bears

Player Name              G  A  P  +/- PIM S  H  SB GA TA FO     MP     PP MP  PK MP  
------------------------------------------------------------------------------------
Alexey Marchenko         0  0  0   0  0   2  0  1  2  1  0/0    27:22   0:28   4:25 
Andreas Athanasiou       0  0  0   0  2   0  1  0  1  0  1/1     9:06   0:00   0:00 
Brandon Burlon           0  0  0   1  0   0  3  2  0  1  0/0    25:53   1:31   4:44 
Chad LaRose              0  0  0   0  0   2  0  0  1  0  0/0     6:26   0:00   0:05 
Erik Condra              0  0  0   0  2   1  0  0  0  0  0/1    16:17   1:12   2:04 
FARM PLAYER17            0  0  0   0  0   0  0  0  0  0  1/2    17:15   0:00   3:24 
Jeremy Langlois          0  1  1   1  0   4  0  0  1  0  3/5    19:14   0:00   3:46 
Jesse Root               0  0  0   1  0   0  1  0  0  2  3/10   13:48   0:00   0:00 
Julian Melchiori         0  0  0   0  0   2  2  1  0  1  0/0    13:08   0:00   0:00 
Justin Florek            1  0  1   1  5   3  3  1  0  0  1/1    14:04   0:00   0:00 
Kyle Clifford            0  0  0   0  22  2  1  1  1  1  0/1    11:23   0:47   0:22 
Leon Draisaitl           0  0  0   0  0   1  0  1  2  0  6/13   13:39   1:12   0:24 
Matt Pelech              0  0  0   0  5   1  0  0  0  0  0/0     6:20   0:00   0:00 
Michael Ryder            0  0  0   0  2   4  1  0  5  1  0/1    22:28   0:47   3:54 
Philip Samuelsson        0  0  0   1  0   0  2  1  0  1  0/0    26:15   1:31   4:44 
Robyn Regehr             0  0  0   0  0   2  1  3  0  0  0/0    25:58   0:28   4:25 
Steve Bernier            0  0  0   0  2   3  4  0  4  1  2/8    25:50   1:12   3:34 
Tyler Brown              0  0  0   0  0   0  2  0  0  0  7/14   16:17   0:47   0:50 

3 Stars

1 - Yann Danis (RIH)
2 - Matt Murray (Her)
3 - Matt Fraser (RIH)

Power Play

Ice Hogs - 1 on 5 Attempt(s) - 20.00%
Bears - 0 on 1 Attempt(s) - 0.00%

Penalty Kill

Ice Hogs - 1 on 1 Attempt(s) - 100.00% - Score 0 goal in Penalty Kill
Bears - 4 on 5 Attempt(s) - 80.00% - Score 0 goal in Penalty Kill

Team Stat

Ice Hogs - Hits : 25 - Faceoff Wins : 33 - Blocked Shots : 19 - Penalty Minutes : 32
Bears - Hits : 21 - Faceoff Wins : 24 - Blocked Shots : 11 - Penalty Minutes : 40

Official

Referees : Unknown
Linesman : Unknown

Game Notes

Mathieu Brodeur beats up Kyle Clifford at 3:38 of 1st period
Kyle Clifford and Jean-Philippe Cote fight to a draw at 12:14 of 2nd period
Justin Florek and Jean-Philippe Cote fight to a draw at 2:02 of 3rd period
Jean-Philippe Cote beats up Matt Pelech at 10:34 of 3rd period
Jean-Philippe Cote ejected from game at 10:34 of 3rd period
Brian Gibbons is injured at 14:22 of 3rd period (Head)

Finance

Level 1 -- Attendance: 1522 (76.10%) -- Ticket Income $53,270
Level 2 -- Attendance: 753 (75.30%) -- Ticket Income $11,295
Total Attendance: 2275 (75.83%)
Total Ticket Income: $64,565
Other Income: $31,637
Total Income: $96,202

Ice Hogs

5 vs 5 Forward 
   Center                   Left Wing                Right Wing               Time % Phy DF OF 
 1 Tim Schaller             Matt Fraser              J.T. Miller              30     0   2  3  
 2 Travis Morin             Brian Gibbons            Colin McDonald           25     0   2  3  
 3 Oscar Lindberg           Scott Wilson             Petr Straka              25     1   2  2  
 4 T.J. Tynan               Derek Hulak              Will Acton               20     1   2  2  

5 vs 5 Defense 
   Defense                  Defense                                           Time % Phy DF OF 
 1 Anton Volchenkov         Mathieu Brodeur                                   30     1   2  2  
 2 Viktor Svedberg          Frank Corrado                                     30     1   2  2  
 3 Kyle Hagel               Jean-Philippe Cote                                30     1   2  2  
 4 Anton Volchenkov         Frank Corrado                                     10     1   2  2  

PowerPlay Forward 
   Center                   Left Wing                Right Wing               Time % Phy DF OF 
 1 Tim Schaller             Matt Fraser              J.T. Miller              50     1   1  3  
 2 Travis Morin             Brian Gibbons            Colin McDonald           50     1   1  3  

PowerPlay Defense
   Defense                  Defense                                           Time % Phy DF OF 
 1 Anton Volchenkov         Mathieu Brodeur                                   50     0   2  3  
 2 Viktor Svedberg          Frank Corrado                                     50     0   2  3  

Penalty Kill 4 Players Forward 
   Center                   Wing                     Time % Phy DF OF 
 1 Travis Morin             Brian Gibbons            50     1   3  1  
 2 Tim Schaller             J.T. Miller              50     1   3  1  

Penalty Kill 4 Players Defense
   Defense                  Defense                  Time % Phy DF OF 
 1 Anton Volchenkov         Mathieu Brodeur          50     1   4  0  
 2 Viktor Svedberg          Frank Corrado            50     1   4  0  

Penalty Kill - 3 Players Forward 
   Forward                                           Time % Phy DF OF 
 1 Brian Gibbons                                     50     1   4  0  
 2 Tim Schaller                                      50     1   4  0  

Penalty Kill - 3 Players Defense
   Defense                  Defense                  Time % Phy DF OF 
 1 Anton Volchenkov         Mathieu Brodeur          50     1   4  0  
 2 Viktor Svedberg          Frank Corrado            50     1   4  0  

4 vs 4 Forward 
   Center                   Wing                     Time % Phy DF OF 
 1 Oscar Lindberg           Scott Wilson             50     1   2  2  
 2 T.J. Tynan               Will Acton               50     1   2  2  

4 vs 4 Defense
   Defense                  Defense                  Time % Phy DF OF 
 1 Kyle Hagel               Jean-Philippe Cote       50     1   2  2  
 2 Viktor Svedberg          Frank Corrado            50     1   2  2  

Last Minutes Offensive
   Center                   Left Wing                Right Wing               Defense                  Defense                  
   Tim Schaller             J.T. Miller              Colin McDonald           Anton Volchenkov         Frank Corrado            

Last Minutes Defensive
   Center                   Left Wing                Right Wing               Defense                  Defense                  
   Tim Schaller             Brian Gibbons            J.T. Miller              Anton Volchenkov         Frank Corrado            

Goaltenders
Starting : Yann Danis               
Backup : Ryan Faragher            

Extra Forwards
Normal : Colin McDonald, Oscar Lindberg, J.T. Miller - PP : Oscar Lindberg, Scott Wilson - PK : Brian Gibbons
Extra Defensemen
Normal : Frank Corrado, Kyle Hagel, Anton Volchenkov - PP : Frank Corrado - PK : Frank Corrado, Anton Volchenkov
Penalty Shots
Travis Morin, Colin McDonald, J.T. Miller, Scott Wilson, Oscar Lindberg

Bears

5 vs 5 Forward 
   Center                   Left Wing                Right Wing               Time % Phy DF OF 
 1 Leon Draisaitl           Erik Condra              Steve Bernier            35     1   2  2  
 2 Tyler Brown              Kyle Clifford            Michael Ryder            30     1   2  2  
 3 Jesse Root               Justin Florek            Jeremy Langlois          22     1   2  2  
 4 Steve Bernier            Chad LaRose              Matt Pelech              13     1   2  2  

5 vs 5 Defense 
   Defense                  Defense                                           Time % Phy DF OF 
 1 Robyn Regehr             Alexey Marchenko                                  35     1   2  2  
 2 Philip Samuelsson        Brandon Burlon                                    30     1   2  2  
 3 Julian Melchiori         FARM PLAYER17                                     22     1   2  2  
 4 Robyn Regehr             Alexey Marchenko                                  13     1   2  2  

PowerPlay Forward 
   Center                   Left Wing                Right Wing               Time % Phy DF OF 
 1 Leon Draisaitl           Erik Condra              Steve Bernier            60     1   2  2  
 2 Tyler Brown              Kyle Clifford            Michael Ryder            40     1   2  2  

PowerPlay Defense
   Defense                  Defense                                           Time % Phy DF OF 
 1 Robyn Regehr             Alexey Marchenko                                  60     1   2  2  
 2 Philip Samuelsson        Brandon Burlon                                    40     1   2  2  

Penalty Kill 4 Players Forward 
   Center                   Wing                     Time % Phy DF OF 
 1 Steve Bernier            Michael Ryder            60     1   2  2  
 2 Erik Condra              Kyle Clifford            40     1   2  2  

Penalty Kill 4 Players Defense
   Defense                  Defense                  Time % Phy DF OF 
 1 Robyn Regehr             Alexey Marchenko         60     1   2  2  
 2 Philip Samuelsson        Brandon Burlon           40     1   2  2  

Penalty Kill - 3 Players Forward 
   Forward                                           Time % Phy DF OF 
 1 Steve Bernier                                     60     1   2  2  
 2 Michael Ryder                                     40     1   2  2  

Penalty Kill - 3 Players Defense
   Defense                  Defense                  Time % Phy DF OF 
 1 Robyn Regehr             Alexey Marchenko         60     1   2  2  
 2 Philip Samuelsson        Brandon Burlon           40     1   2  2  

4 vs 4 Forward 
   Center                   Wing                     Time % Phy DF OF 
 1 Steve Bernier            Michael Ryder            60     1   2  2  
 2 Erik Condra              Kyle Clifford            40     1   2  2  

4 vs 4 Defense
   Defense                  Defense                  Time % Phy DF OF 
 1 Robyn Regehr             Alexey Marchenko         60     1   2  2  
 2 Philip Samuelsson        Brandon Burlon           40     1   2  2  

Last Minutes Offensive
   Center                   Left Wing                Right Wing               Defense                  Defense                  
   Leon Draisaitl           Erik Condra              Steve Bernier            Robyn Regehr             Alexey Marchenko         

Last Minutes Defensive
   Center                   Left Wing                Right Wing               Defense                  Defense                  
   Leon Draisaitl           Erik Condra              Steve Bernier            Robyn Regehr             Alexey Marchenko         

Goaltenders
Starting : Matt Murray              
Backup : John Gibson              

Extra Forwards
Normal : Andreas Athanasiou, Justin Florek, Jeremy Langlois - PP : Andreas Athanasiou, Justin Florek - PK : Jeremy Langlois
Extra Defensemen
Normal : Julian Melchiori, FARM PLAYER17, Philip Samuelsson - PP : Julian Melchiori - PK : FARM PLAYER17, Philip Samuelsson
Penalty Shots
Steve Bernier, Michael Ryder, Erik Condra, Kyle Clifford, Leon Draisaitl

% Time on Ice - Ice Hogs

Lines # - Real PCT - Wanted PCT - Time Play
Normal Forward
1 - 28% - 30% - 13:38
2 - 25% - 25% - 12:27
3 - 26% - 25% - 12:43
4 - 21% - 20% - 10:04
Normal Defense
1 - 29% - 30% - 14:10
2 - 27% - 30% - 13:23
3 - 40% - 30% - 19:34
4 - 4% - 10% - 1:45
PP Forward
1 - 52% - 50% - 4:44
2 - 48% - 50% - 4:25
PP Defense
1 - 51% - 50% - 4:39
2 - 49% - 50% - 4:30
PK Forward
1 - 36% - 50% - 0:43
2 - 64% - 50% - 1:16
PK Defense
1 - 57% - 50% - 1:08
2 - 43% - 50% - 0:51
PK3 Forward
1 - 0% - 50%
2 - 0% - 50%
PK3 Defense
1 - 0% - 50%
2 - 0% - 50%
44 Forward
1 - 54% - 50% - 2:42
2 - 46% - 50% - 2:18
44 Defense
1 - 63% - 50% - 3:09
2 - 37% - 50% - 1:51
Last Minute Offensive  - 0:00
Last Minute Defensive  - 0:00
Total
Forward - 65:00
Defense - 65:00

% Time on Ice - Bears

Lines # - Real PCT - Wanted PCT - Time Play
Normal Forward
1 - 28% - 35% - 13:36
2 - 31% - 30% - 15:07
3 - 28% - 22% - 13:48
4 - 13% - 13% - 6:21
Normal Defense
1 - 30% - 35% - 14:48
2 - 36% - 30% - 17:28
3 - 27% - 22% - 13:08
4 - 7% - 13% - 3:28
PP Forward
1 - 61% - 60% - 1:12
2 - 39% - 40% - 0:47
PP Defense
1 - 24% - 60% - 0:28
2 - 76% - 40% - 1:31
PK Forward
1 - 73% - 60% - 6:43
2 - 27% - 40% - 2:26
PK Defense
1 - 48% - 60% - 4:25
2 - 52% - 40% - 4:44
PK3 Forward
1 - 0% - 60%
2 - 0% - 40%
PK3 Defense
1 - 0% - 60%
2 - 0% - 40%
44 Forward
1 - 95% - 60% - 4:45
2 - 5% - 40% - 0:15
44 Defense
1 - 57% - 60% - 2:50
2 - 43% - 40% - 2:10
Last Minute Offensive  - 0:00
Last Minute Defensive  - 0:00
Total
Forward - 65:00
Defense - 65:00

Play by Play

1st period


0:01 of 1st period - Leon Draisaitl wins face-off versus Tim Schaller in neutral zone.
0:22 of 1st period - Wrist shot by J.T. Miller.
0:22 of 1st period - Stopped by Matt Murray with a rebound.
0:24 of 1st period - Slapshot by Anton Volchenkov.
0:24 of 1st period - Stopped by Matt Murray with a rebound.
0:26 of 1st period - Slapshot by Mathieu Brodeur.
0:26 of 1st period - Stopped by Matt Murray with a rebound.
0:32 of 1st period - Wrist shot by J.T. Miller.
0:32 of 1st period - Deflect By Matt Fraser.
0:32 of 1st period - Shot Misses the Net.
0:32 of 1st period - Puck is out of play.
0:33 of 1st period - Tyler Brown wins face-off versus Travis Morin in Bears zone.
0:35 of 1st period - Icing by Michael Ryder.
0:36 of 1st period - Travis Morin wins face-off versus Tyler Brown in Bears zone.
2:31 of 1st period - Derek Hulak is hit by Julian Melchiori and loses puck.
3:18 of 1st period - Tyler Brown is hit by Tim Schaller.
3:38 of 1st period - Mathieu Brodeur beats up Kyle Clifford.
3:38 of 1st period - Penalty to Kyle Clifford for Fighting.
3:38 of 1st period - Penalty to Mathieu Brodeur for Fighting.
3:38 of 1st period - Penalty to Kyle Clifford for instigated a fight.
3:38 of 1st period - Penalty to Kyle Clifford for instigated a fight.
3:39 of 1st period - Travis Morin wins face-off versus Steve Bernier in Ice Hogs zone.
3:44 of 1st period - Wrist shot by Colin McDonald.
3:44 of 1st period - Shot Misses the Net.
3:46 of 1st period - Snap shot by Colin McDonald.
3:46 of 1st period - Shot Blocked by Robyn Regehr.
4:32 of 1st period - Erik Condra is hit by Tim Schaller and loses puck.
5:38 of 1st period - Penalty to Kyle Clifford is over, FARM PLAYER17 is send on ice.
6:12 of 1st period - Snap shot by Oscar Lindberg.
6:12 of 1st period - Stopped by Matt Murray with a rebound.
6:44 of 1st period - Philip Samuelsson is hit by T.J. Tynan and loses puck.
7:16 of 1st period - Frank Corrado is hit by Justin Florek and loses puck.
8:16 of 1st period - Minor Penalty to Andreas Athanasiou for Hooking.
8:17 of 1st period - Tim Schaller wins face-off versus Jeremy Langlois in Bears zone.
8:22 of 1st period - Snap shot by Matt Fraser.
8:22 of 1st period - Shot Misses the Net.
8:38 of 1st period - Penalty to Kyle Clifford is over, Chad LaRose is send on ice.
8:40 of 1st period - Snap shot by Matt Fraser.
8:40 of 1st period - Shot Misses the Net.
8:42 of 1st period - Slapshot by Frank Corrado.
8:42 of 1st period - Deflect By J.T. Miller.
8:42 of 1st period - Shot Misses the Net.
8:42 of 1st period - Puck is out of play.
8:43 of 1st period - FARM PLAYER17 wins face-off versus Travis Morin in Bears zone.
9:04 of 1st period - Brian Gibbons is hit by Philip Samuelsson and loses puck.
9:13 of 1st period - Wrist shot by Colin McDonald.
9:13 of 1st period - Shot Blocked by Brandon Burlon.
9:15 of 1st period - Snap shot by Brian Gibbons.
9:15 of 1st period - Shot Misses the Net.
9:17 of 1st period - Slapshot by Anton Volchenkov.
9:17 of 1st period - Stopped by Matt Murray with a rebound.
9:19 of 1st period - Backhand shot by Mathieu Brodeur.
9:19 of 1st period - Stopped by Matt Murray with a rebound.
9:48 of 1st period - Robyn Regehr is hit by Matt Fraser and loses puck.
10:16 of 1st period - Penalty to Andreas Athanasiou is over, Andreas Athanasiou is back on ice.
10:56 of 1st period - Minor Penalty to Steve Bernier for Goalie Interference.
10:57 of 1st period - J.T. Miller wins face-off versus FARM PLAYER17 in Bears zone.
11:03 of 1st period - Snap shot by J.T. Miller.
11:03 of 1st period - Shot Misses the Net.
11:21 of 1st period - Wrist shot by J.T. Miller.
11:21 of 1st period - Shot Misses the Net.
11:23 of 1st period - Slapshot by Tim Schaller.
11:23 of 1st period - Shot Misses the Net.
12:04 of 1st period - Tyler Brown is hit by Matt Fraser and loses puck.
12:09 of 1st period - Snap shot by Matt Fraser.
12:09 of 1st period - Goal by Matt Fraser - Ice Hogs : 1 - Bears : 0.
12:10 of 1st period - Oscar Lindberg wins face-off versus Jesse Root in neutral zone.
12:34 of 1st period - Snap shot by Scott Wilson.
12:34 of 1st period - Stopped by Matt Murray with a rebound.
12:36 of 1st period - Wrist shot by Scott Wilson.
12:36 of 1st period - Stopped by Matt Murray with a rebound.
12:46 of 1st period - Snap shot by Petr Straka.
12:46 of 1st period - Shot Misses the Net.
14:06 of 1st period - Brian Gibbons is hit by Steve Bernier and loses puck.
14:55 of 1st period - Snap shot by Tim Schaller.
14:55 of 1st period - Shot Misses the Net.
15:29 of 1st period - Anton Volchenkov is hit by Michael Ryder and loses puck.
15:42 of 1st period - Wrist shot by Michael Ryder.
15:42 of 1st period - Deflect By Andreas Athanasiou.
15:42 of 1st period - Shot Blocked by Mathieu Brodeur.
15:42 of 1st period - Puck is out of play.
15:43 of 1st period - Travis Morin wins face-off versus Tyler Brown in Ice Hogs zone.
15:43 of 1st period - Travis Morin is hit by Andreas Athanasiou.
15:51 of 1st period - Snap shot by Brian Gibbons.
15:51 of 1st period - Shot Misses the Net.
15:53 of 1st period - Snap shot by Travis Morin.
15:53 of 1st period - Shot Blocked by Philip Samuelsson.
16:39 of 1st period - Derek Hulak is hit by Philip Samuelsson and loses puck.
16:47 of 1st period - Icing by Brandon Burlon.
16:48 of 1st period - Jesse Root wins face-off versus Matt Fraser in Bears zone.
16:55 of 1st period - Anton Volchenkov is hit by Brandon Burlon and loses puck.
17:06 of 1st period - Tim Schaller is hit by Brandon Burlon and loses puck.
17:17 of 1st period - Snap shot by Leon Draisaitl.
17:17 of 1st period - Shot Misses the Net.
17:19 of 1st period - Slapshot by Robyn Regehr.
17:19 of 1st period - Shot Misses the Net.
17:21 of 1st period - Wrist shot by Erik Condra.
17:21 of 1st period - Stopped by Yann Danis with a rebound.
17:39 of 1st period - Snap shot by Erik Condra.
17:39 of 1st period - Shot Misses the Net.
17:41 of 1st period - Wrist shot by Leon Draisaitl.
17:41 of 1st period - Shot Misses the Net.
17:56 of 1st period - Snap shot by Michael Ryder.
17:56 of 1st period - Deflect By Tyler Brown.
17:56 of 1st period - Shot Misses the Net.
17:56 of 1st period - Puck is out of play.
17:57 of 1st period - Travis Morin wins face-off versus Tyler Brown in Ice Hogs zone.
18:06 of 1st period - Snap shot by Colin McDonald.
18:06 of 1st period - Shot Blocked by Robyn Regehr.
18:08 of 1st period - Snap shot by Brian Gibbons.
18:08 of 1st period - Stopped by Matt Murray with a rebound.
18:10 of 1st period - Slapshot by Travis Morin.
18:10 of 1st period - Shot Misses the Net.
18:12 of 1st period - Slapshot by Brian Gibbons.
18:12 of 1st period - Stopped by Matt Murray with a rebound.
18:14 of 1st period - Slapshot by Mathieu Brodeur.
18:14 of 1st period - Stopped by Matt Murray with a rebound.
18:16 of 1st period - Slapshot by Mathieu Brodeur.
18:16 of 1st period - Shot Blocked by Alexey Marchenko.
18:38 of 1st period - 10 Minutes Misconduct Penalty to Kyle Clifford is over.
19:40 of 1st period - Icing by Julian Melchiori.
19:41 of 1st period - T.J. Tynan wins face-off versus Jesse Root in Bears zone.
19:46 of 1st period - Snap shot by Derek Hulak.
19:46 of 1st period - Stopped by Matt Murray with a rebound.
19:49 of 1st period - Icing by Justin Florek.
19:50 of 1st period - Will Acton wins face-off versus Jesse Root in Bears zone.
Goals for this period are 1 for Ice Hogs vs 0 for Bears.
Shots for this period are 13 for Ice Hogs vs 1 for Bears.

2nd period


0:01 of 2nd period - Leon Draisaitl wins face-off versus Tim Schaller in neutral zone.
0:04 of 2nd period - Backhand shot by Steve Bernier.
0:04 of 2nd period - Shot Misses the Net.
0:06 of 2nd period - Minor Penalty to J.T. Miller for Tripping.
0:07 of 2nd period - Travis Morin wins face-off versus Leon Draisaitl in Ice Hogs zone.
0:34 of 2nd period - Off-side.
0:35 of 2nd period - Tyler Brown wins face-off versus Tim Schaller in neutral zone.
2:06 of 2nd period - Penalty to J.T. Miller is over, J.T. Miller is back on ice.
2:06 of 2nd period - Brian Gibbons is hit by Tyler Brown and loses puck.
2:14 of 2nd period - Wrist shot by Michael Ryder.
2:14 of 2nd period - Shot Misses the Net.
2:41 of 2nd period - Off-side.
2:42 of 2nd period - Jeremy Langlois wins face-off versus Oscar Lindberg in neutral zone.
2:45 of 2nd period - Slapshot by Jeremy Langlois.
2:45 of 2nd period - Shot Misses the Net.
3:30 of 2nd period - Kyle Hagel is hit by Julian Melchiori and loses puck.
4:00 of 2nd period - Snap shot by Chad LaRose.
4:00 of 2nd period - Stopped by Yann Danis with a rebound.
4:02 of 2nd period - Snap shot by Alexey Marchenko.
4:02 of 2nd period - Shot Misses the Net.
4:04 of 2nd period - Wrist shot by Matt Pelech.
4:04 of 2nd period - Stopped by Yann Danis with a rebound.
4:06 of 2nd period - Slapshot by Robyn Regehr.
4:06 of 2nd period - Shot Blocked by Jean-Philippe Cote.
4:24 of 2nd period - Slapshot by Kyle Clifford.
4:24 of 2nd period - Stopped by Yann Danis without a rebound.
4:25 of 2nd period - Tyler Brown wins face-off versus Tim Schaller in Ice Hogs zone.
6:01 of 2nd period - Mathieu Brodeur is hit by Steve Bernier and loses puck.
6:10 of 2nd period - Snap shot by Anton Volchenkov.
6:10 of 2nd period - Stopped by Matt Murray with a rebound.
6:42 of 2nd period - Icing by Robyn Regehr.
6:43 of 2nd period - Tim Schaller wins face-off versus Jesse Root in Bears zone.
6:56 of 2nd period - Snap shot by Matt Fraser.
6:56 of 2nd period - Stopped by Matt Murray with a rebound.
7:06 of 2nd period - Matt Fraser is hit by Jesse Root and loses puck.
7:45 of 2nd period - Snap shot by Derek Hulak.
7:45 of 2nd period - Stopped by Matt Murray with a rebound.
7:47 of 2nd period - Snap shot by T.J. Tynan.
7:47 of 2nd period - Shot Misses the Net.
7:49 of 2nd period - Snap shot by T.J. Tynan.
7:49 of 2nd period - Deflect By Derek Hulak.
7:49 of 2nd period - Stopped by Matt Murray with a rebound.
7:51 of 2nd period - Snap shot by Mathieu Brodeur.
7:51 of 2nd period - Shot Blocked by Brandon Burlon.
7:53 of 2nd period - Snap shot by Derek Hulak.
7:53 of 2nd period - Shot Misses the Net.
8:16 of 2nd period - Icing by Kyle Clifford.
8:17 of 2nd period - Oscar Lindberg wins face-off versus Michael Ryder in Bears zone.
8:51 of 2nd period - Slapshot by Alexey Marchenko.
8:51 of 2nd period - Shot Misses the Net.
9:09 of 2nd period - Robyn Regehr is hit by Colin McDonald.
9:31 of 2nd period - FARM PLAYER17 is hit by Mathieu Brodeur and loses puck.
11:03 of 2nd period - Michael Ryder is hit by Kyle Hagel and loses puck.
11:11 of 2nd period - Off-side.
11:12 of 2nd period - Tim Schaller wins face-off versus Jesse Root in neutral zone.
11:21 of 2nd period - Slapshot by J.T. Miller.
11:21 of 2nd period - Shot Blocked by Julian Melchiori.
11:39 of 2nd period - Snap shot by J.T. Miller.
11:39 of 2nd period - Shot Blocked by Justin Florek.
11:41 of 2nd period - Slapshot by Frank Corrado.
11:41 of 2nd period - Stopped by Matt Murray without a rebound.
11:42 of 2nd period - Oscar Lindberg wins face-off versus Leon Draisaitl in Bears zone.
11:57 of 2nd period - Wrist shot by Leon Draisaitl.
11:57 of 2nd period - Shot Misses the Net.
12:14 of 2nd period - Kyle Clifford and Jean-Philippe Cote fight to a draw.
12:14 of 2nd period - Penalty to Kyle Clifford for Fighting.
12:14 of 2nd period - Penalty to Jean-Philippe Cote for Fighting.
12:15 of 2nd period - Tyler Brown wins face-off versus Tim Schaller in Bears zone.
12:15 of 2nd period - Tyler Brown is hit by Tim Schaller.
12:36 of 2nd period - Snap shot by Michael Ryder.
12:36 of 2nd period - Shot Blocked by Viktor Svedberg.
12:38 of 2nd period - Slapshot by Robyn Regehr.
12:38 of 2nd period - Shot Blocked by Matt Fraser.
12:40 of 2nd period - Slapshot by Michael Ryder.
12:40 of 2nd period - Shot Blocked by Frank Corrado.
12:42 of 2nd period - Backhand shot by Tyler Brown.
12:42 of 2nd period - Shot Misses the Net.
12:44 of 2nd period - Slapshot by Robyn Regehr.
12:44 of 2nd period - Deflect By Michael Ryder.
12:44 of 2nd period - Stopped by Yann Danis without a rebound.
12:45 of 2nd period - Oscar Lindberg wins face-off versus Jesse Root in Ice Hogs zone.
14:15 of 2nd period - Off-side.
14:16 of 2nd period - Andreas Athanasiou wins face-off versus Tim Schaller in neutral zone.
14:45 of 2nd period - Snap shot by Matt Fraser.
14:45 of 2nd period - Deflect By Michael Ryder.
14:45 of 2nd period - Shot Misses the Net.
14:45 of 2nd period - Puck is out of play.
14:46 of 2nd period - Leon Draisaitl wins face-off versus T.J. Tynan in Bears zone.
14:53 of 2nd period - Snap shot by Steve Bernier.
14:53 of 2nd period - Stopped by Yann Danis with a rebound.
14:55 of 2nd period - Backhand shot by Steve Bernier.
14:55 of 2nd period - Shot Blocked by Derek Hulak.
14:57 of 2nd period - Wrist shot by Alexey Marchenko.
14:57 of 2nd period - Shot Misses the Net.
14:59 of 2nd period - Slapshot by Robyn Regehr.
14:59 of 2nd period - Shot Misses the Net.
15:15 of 2nd period - Wrist shot by Derek Hulak.
15:15 of 2nd period - Shot Misses the Net.
15:57 of 2nd period - Snap shot by Scott Wilson.
15:57 of 2nd period - Deflect By Oscar Lindberg.
15:57 of 2nd period - Shot Hit the Post.
15:57 of 2nd period - Puck is out of play.
15:58 of 2nd period - Tim Schaller wins face-off versus Tyler Brown in Bears zone.
16:01 of 2nd period - Snap shot by J.T. Miller.
16:01 of 2nd period - Stopped by Matt Murray with a rebound.
16:07 of 2nd period - Tyler Brown is hit by Kyle Hagel and loses puck.
16:20 of 2nd period - Snap shot by Michael Ryder.
16:20 of 2nd period - Stopped by Yann Danis with a rebound.
16:22 of 2nd period - Slapshot by Andreas Athanasiou.
16:22 of 2nd period - Shot Blocked by J.T. Miller.
16:24 of 2nd period - Slapshot by Julian Melchiori.
16:24 of 2nd period - Stopped by Yann Danis with a rebound.
16:26 of 2nd period - Slapshot by Julian Melchiori.
16:26 of 2nd period - Deflect By Michael Ryder.
16:26 of 2nd period - Stopped by Yann Danis with a rebound.
16:28 of 2nd period - Snap shot by Tyler Brown.
16:28 of 2nd period - Shot Misses the Net.
17:20 of 2nd period - Jeremy Langlois is hit by Colin McDonald and loses puck.
17:31 of 2nd period - Slapshot by Alexey Marchenko.
17:31 of 2nd period - Shot Blocked by Anton Volchenkov.
19:34 of 2nd period - Brian Gibbons is hit by Tyler Brown and loses puck.
19:40 of 2nd period - Minor Penalty to Michael Ryder for Tripping.
19:41 of 2nd period - Jeremy Langlois wins face-off versus Tim Schaller in Bears zone.
19:54 of 2nd period - Snap shot by Jeremy Langlois.
19:54 of 2nd period - Shot Blocked by Tim Schaller.
Goals for this period are 0 for Ice Hogs vs 0 for Bears.
Shots for this period are 6 for Ice Hogs vs 8 for Bears.

3rd period


0:01 of 3rd period - Travis Morin wins face-off versus Steve Bernier in neutral zone.
0:04 of 3rd period - Snap shot by Brian Gibbons.
0:04 of 3rd period - Shot Misses the Net.
0:18 of 3rd period - Slapshot by Alexey Marchenko.
0:18 of 3rd period - Shot Blocked by Frank Corrado.
0:20 of 3rd period - Slapshot by Robyn Regehr.
0:20 of 3rd period - Shot Misses the Net.
1:01 of 3rd period - Robyn Regehr is hit by J.T. Miller and loses puck.
1:40 of 3rd period - Penalty to Michael Ryder is over, Michael Ryder is back on ice.
1:57 of 3rd period - Snap shot by Oscar Lindberg.
1:57 of 3rd period - Deflect By Michael Ryder.
1:57 of 3rd period - Stopped by Matt Murray without a rebound.
1:58 of 3rd period - Jesse Root wins face-off versus Petr Straka in Bears zone.
2:02 of 3rd period - Justin Florek and Jean-Philippe Cote fight to a draw.
2:02 of 3rd period - Penalty to Justin Florek for Fighting.
2:02 of 3rd period - Penalty to Jean-Philippe Cote for Fighting.
2:03 of 3rd period - Tim Schaller wins face-off versus Tyler Brown in Ice Hogs zone.
2:20 of 3rd period - Wrist shot by Tim Schaller.
2:20 of 3rd period - Shot Blocked by Robyn Regehr.
2:32 of 3rd period - Wrist shot by Matt Fraser.
2:32 of 3rd period - Shot Hit the Post.
3:40 of 3rd period - Slapshot by Philip Samuelsson.
3:40 of 3rd period - Shot Misses the Net.
3:48 of 3rd period - Jesse Root is hit by Viktor Svedberg and loses puck.
4:43 of 3rd period - Snap shot by Steve Bernier.
4:43 of 3rd period - Stopped by Yann Danis with a rebound.
4:45 of 3rd period - Snap shot by Julian Melchiori.
4:45 of 3rd period - Shot Misses the Net.
4:47 of 3rd period - Slapshot by Alexey Marchenko.
4:47 of 3rd period - Stopped by Yann Danis with a rebound.
4:53 of 3rd period - Wrist shot by Chad LaRose.
4:53 of 3rd period - Stopped by Yann Danis without a rebound.
4:54 of 3rd period - Steve Bernier wins face-off versus Matt Fraser in Ice Hogs zone.
5:05 of 3rd period - Snap shot by Chad LaRose.
5:05 of 3rd period - Deflect By Steve Bernier.
5:05 of 3rd period - Shot Misses the Net.
5:05 of 3rd period - Puck is out of play.
5:06 of 3rd period - Tyler Brown wins face-off versus Tim Schaller in Ice Hogs zone.
5:21 of 3rd period - Wrist shot by Kyle Clifford.
5:21 of 3rd period - Shot Misses the Net.
5:33 of 3rd period - Michael Ryder is hit by Tim Schaller and loses puck.
6:01 of 3rd period - Robyn Regehr is hit by Frank Corrado and loses puck.
6:32 of 3rd period - Robyn Regehr is hit by Kyle Hagel and loses puck.
6:51 of 3rd period - Andreas Athanasiou is hit by Will Acton and loses puck.
6:56 of 3rd period - Slapshot by Anton Volchenkov.
6:56 of 3rd period - Stopped by Matt Murray with a rebound.
7:30 of 3rd period - Snap shot by Leon Draisaitl.
7:30 of 3rd period - Stopped by Yann Danis without a rebound.
7:31 of 3rd period - Leon Draisaitl wins face-off versus Tim Schaller in Ice Hogs zone.
8:04 of 3rd period - Minor Penalty to Erik Condra for Tripping.
8:05 of 3rd period - Steve Bernier wins face-off versus Travis Morin in Bears zone.
8:12 of 3rd period - Snap shot by Colin McDonald.
8:12 of 3rd period - Shot Misses the Net.
8:39 of 3rd period - Snap shot by Brian Gibbons.
8:39 of 3rd period - Deflect By Michael Ryder.
8:39 of 3rd period - Stopped by Matt Murray without a rebound.
8:40 of 3rd period - Tim Schaller wins face-off versus Steve Bernier in Bears zone.
9:28 of 3rd period - Michael Ryder is hit by Mathieu Brodeur and loses puck.
9:57 of 3rd period - Philip Samuelsson is hit by Tim Schaller and loses puck.
10:04 of 3rd period - Penalty to Erik Condra is over, Erik Condra is back on ice.
10:34 of 3rd period - Jean-Philippe Cote beats up Matt Pelech.
10:34 of 3rd period - Penalty to Matt Pelech for Fighting.
10:34 of 3rd period - Penalty to Jean-Philippe Cote for Fighting.
10:34 of 3rd period - Jean-Philippe Cote is ejected from game.
10:35 of 3rd period - Leon Draisaitl wins face-off versus Oscar Lindberg in neutral zone.
10:49 of 3rd period - Snap shot by Scott Wilson.
10:49 of 3rd period - Shot Misses the Net.
10:51 of 3rd period - Wrist shot by Oscar Lindberg.
10:51 of 3rd period - Stopped by Matt Murray without a rebound.
10:52 of 3rd period - Oscar Lindberg wins face-off versus Leon Draisaitl in Bears zone.
10:55 of 3rd period - Snap shot by Scott Wilson.
10:55 of 3rd period - Shot Misses the Net.
11:00 of 3rd period - Slapshot by Frank Corrado.
11:00 of 3rd period - Stopped by Matt Murray with a rebound.
11:02 of 3rd period - Slapshot by Frank Corrado.
11:02 of 3rd period - Shot Blocked by Leon Draisaitl.
11:04 of 3rd period - Slapshot by Frank Corrado.
11:04 of 3rd period - Stopped by Matt Murray without a rebound.
11:05 of 3rd period - Tim Schaller wins face-off versus Tyler Brown in Bears zone.
11:52 of 3rd period - Frank Corrado is hit by Justin Florek and loses puck.
12:04 of 3rd period - Snap shot by Jeremy Langlois.
12:04 of 3rd period - Stopped by Yann Danis with a rebound.
12:25 of 3rd period - Off-side.
12:26 of 3rd period - Travis Morin wins face-off versus Leon Draisaitl in neutral zone.
13:20 of 3rd period - Michael Ryder is hit by Frank Corrado and loses puck.
13:25 of 3rd period - Slapshot by Anton Volchenkov.
13:25 of 3rd period - Shot Blocked by Kyle Clifford.
13:35 of 3rd period - Slapshot by Derek Hulak.
13:35 of 3rd period - Deflect By Michael Ryder.
13:35 of 3rd period - Shot Misses the Net.
13:35 of 3rd period - Puck is out of play.
13:36 of 3rd period - Jesse Root wins face-off versus Oscar Lindberg in Bears zone.
13:41 of 3rd period - Alexey Marchenko is hit by Scott Wilson and loses puck.
13:47 of 3rd period - Robyn Regehr is hit by Mathieu Brodeur and loses puck.
13:50 of 3rd period - Snap shot by Justin Florek.
13:50 of 3rd period - Shot Misses the Net.
13:52 of 3rd period - Wrist shot by Justin Florek.
13:52 of 3rd period - Stopped by Yann Danis without a rebound.
13:53 of 3rd period - Justin Florek wins face-off versus Oscar Lindberg in Ice Hogs zone.
14:02 of 3rd period - Wrist shot by Jeremy Langlois.
14:02 of 3rd period - Stopped by Yann Danis without a rebound.
14:03 of 3rd period - Travis Morin wins face-off versus Tyler Brown in Ice Hogs zone.
14:03 of 3rd period - Travis Morin is hit by Robyn Regehr.
14:22 of 3rd period - Snap shot by Kyle Clifford.
14:22 of 3rd period - Shot Blocked by Brian Gibbons.
14:22 of 3rd period - Brian Gibbons from Ice Hogs is injured at 14:22 of 3rd period (Head).
14:23 of 3rd period - Leon Draisaitl wins face-off versus Tim Schaller in Ice Hogs zone.
15:23 of 3rd period - Snap shot by Michael Ryder.
15:23 of 3rd period - Shot Blocked by Anton Volchenkov.
15:45 of 3rd period - Slapshot by Kyle Clifford.
15:45 of 3rd period - Shot Misses the Net.
16:07 of 3rd period - Derek Hulak is hit by Brandon Burlon and loses puck.
16:50 of 3rd period - Snap shot by Chad LaRose.
16:50 of 3rd period - Shot Misses the Net.
16:52 of 3rd period - Snap shot by Julian Melchiori.
16:52 of 3rd period - Stopped by Yann Danis with a rebound.
16:54 of 3rd period - Snap shot by Steve Bernier.
16:54 of 3rd period - Deflect By Derek Hulak.
16:54 of 3rd period - Shot Blocked by Anton Volchenkov.
16:54 of 3rd period - Puck is out of play.
16:55 of 3rd period - Tim Schaller wins face-off versus Kyle Clifford in Ice Hogs zone.
16:55 of 3rd period - Tim Schaller is hit by Kyle Clifford.
17:03 of 3rd period - Robyn Regehr is hit by Tim Schaller and loses puck.
17:33 of 3rd period - Icing by Viktor Svedberg.
17:34 of 3rd period - Tim Schaller wins face-off versus Leon Draisaitl in Ice Hogs zone.
17:58 of 3rd period - Icing by Frank Corrado.
17:59 of 3rd period - Oscar Lindberg wins face-off versus Jesse Root in Ice Hogs zone.
18:16 of 3rd period - Snap shot by Jeremy Langlois.
18:16 of 3rd period - Stopped by Yann Danis with a rebound.
18:18 of 3rd period - Snap shot by Justin Florek.
18:18 of 3rd period - Goal by Justin Florek - Ice Hogs : 1 - Bears : 1.
18:19 of 3rd period - Tyler Brown wins face-off versus Travis Morin in neutral zone.
18:25 of 3rd period - Slapshot by Robyn Regehr.
18:25 of 3rd period - Shot Blocked by Frank Corrado.
18:27 of 3rd period - Wrist shot by Kyle Clifford.
18:27 of 3rd period - Shot Misses the Net.
18:29 of 3rd period - Slapshot by Alexey Marchenko.
18:29 of 3rd period - Shot Blocked by Kyle Hagel.
18:31 of 3rd period - Snap shot by Robyn Regehr.
18:31 of 3rd period - Stopped by Yann Danis without a rebound.
18:32 of 3rd period - Tyler Brown wins face-off versus Travis Morin in Ice Hogs zone.
18:55 of 3rd period - Snap shot by Kyle Clifford.
18:55 of 3rd period - Stopped by Yann Danis without a rebound.
18:56 of 3rd period - Tim Schaller wins face-off versus Leon Draisaitl in Ice Hogs zone.
19:10 of 3rd period - Off-side.
19:11 of 3rd period - Tim Schaller wins face-off versus Leon Draisaitl in neutral zone.
19:31 of 3rd period - J.T. Miller is hit by Steve Bernier and loses puck.
Goals for this period are 0 for Ice Hogs vs 1 for Bears.
Shots for this period are 6 for Ice Hogs vs 12 for Bears.

Overtime #1


0:01 of 1st overtime period - Oscar Lindberg wins face-off versus Steve Bernier in neutral zone.
0:22 of 1st overtime period - Snap shot by Steve Bernier.
0:22 of 1st overtime period - Stopped by Yann Danis with a rebound.
0:24 of 1st overtime period - Slapshot by Robyn Regehr.
0:24 of 1st overtime period - Shot Misses the Net.
0:34 of 1st overtime period - Alexey Marchenko is hit by Frank Corrado and loses puck.
0:53 of 1st overtime period - Wrist shot by Steve Bernier.
0:53 of 1st overtime period - Deflect By Michael Ryder.
0:53 of 1st overtime period - Stopped by Yann Danis without a rebound.
0:54 of 1st overtime period - T.J. Tynan wins face-off versus Steve Bernier in Ice Hogs zone.
0:54 of 1st overtime period - T.J. Tynan is hit by Steve Bernier.
1:00 of 1st overtime period - Slapshot by Frank Corrado.
1:00 of 1st overtime period - Shot Misses the Net.
1:51 of 1st overtime period - Anton Volchenkov is hit by Justin Florek and loses puck.
2:02 of 1st overtime period - Slapshot by Alexey Marchenko.
2:02 of 1st overtime period - Stopped by Yann Danis with a rebound.
2:04 of 1st overtime period - Slapshot by Alexey Marchenko.
2:04 of 1st overtime period - Shot Misses the Net.
2:06 of 1st overtime period - Wrist shot by Justin Florek.
2:06 of 1st overtime period - Stopped by Yann Danis with a rebound.
2:08 of 1st overtime period - Snap shot by Robyn Regehr.
2:08 of 1st overtime period - Shot Blocked by Kyle Hagel.
2:10 of 1st overtime period - Snap shot by Robyn Regehr.
2:10 of 1st overtime period - Shot Misses the Net.
2:12 of 1st overtime period - Slapshot by Robyn Regehr.
2:12 of 1st overtime period - Stopped by Yann Danis with a rebound.
2:14 of 1st overtime period - Slapshot by Robyn Regehr.
2:14 of 1st overtime period - Shot Blocked by Anton Volchenkov.
2:26 of 1st overtime period - Slapshot by Alexey Marchenko.
2:26 of 1st overtime period - Shot Blocked by Anton Volchenkov.
2:28 of 1st overtime period - Wrist shot by Jeremy Langlois.
2:28 of 1st overtime period - Stopped by Yann Danis without a rebound.
2:29 of 1st overtime period - T.J. Tynan wins face-off versus Jeremy Langlois in Ice Hogs zone.
2:49 of 1st overtime period - Wrist shot by Jeremy Langlois.
2:49 of 1st overtime period - Shot Blocked by Frank Corrado.
3:04 of 1st overtime period - Icing by Jeremy Langlois.
3:05 of 1st overtime period - Jeremy Langlois wins face-off versus Oscar Lindberg in Bears zone.
3:20 of 1st overtime period - Philip Samuelsson is hit by Kyle Hagel and loses puck.
4:15 of 1st overtime period - Wrist shot by Robyn Regehr.
4:15 of 1st overtime period - Deflect By Andreas Athanasiou.
4:15 of 1st overtime period - Shot Misses the Net.
4:15 of 1st overtime period - Puck is out of play.
4:16 of 1st overtime period - T.J. Tynan wins face-off versus Steve Bernier in Ice Hogs zone.
4:44 of 1st overtime period - Snap shot by Oscar Lindberg.
4:44 of 1st overtime period - Stopped by Matt Murray without a rebound.
4:45 of 1st overtime period - Oscar Lindberg wins face-off versus Erik Condra in Bears zone.
4:54 of 1st overtime period - Slapshot by Oscar Lindberg.
4:54 of 1st overtime period - Shot Hit the Post.
4:56 of 1st overtime period - Wrist shot by Scott Wilson.
4:56 of 1st overtime period - Shot Misses the Net.
Goals for this period are 0 for Ice Hogs vs 0 for Bears.
Shots for this period are 1 for Ice Hogs vs 6 for Bears.

ShootOut


5:00 of 1st overtime period - Penalty Shot by Travis Morin for Ice Hogs.
5:00 of 1st overtime period - Backhand shot by Travis Morin.
5:00 of 1st overtime period - Stopped by Matt Murray.
5:00 of 1st overtime period - Penalty Shot by Steve Bernier for Bears.
5:00 of 1st overtime period - Wrist shot by Steve Bernier.
5:00 of 1st overtime period - Goal by Steve Bernier.
5:00 of 1st overtime period - Penalty Shot by Colin McDonald for Ice Hogs.
5:00 of 1st overtime period - Deke by Colin McDonald.
5:00 of 1st overtime period - Stopped by Matt Murray.
5:00 of 1st overtime period - Penalty Shot by Michael Ryder for Bears.
5:00 of 1st overtime period - Backhand shot by Michael Ryder.
5:00 of 1st overtime period - Stopped by Yann Danis.
5:00 of 1st overtime period - Penalty Shot by J.T. Miller for Ice Hogs.
5:00 of 1st overtime period - Snap shot by J.T. Miller.
5:00 of 1st overtime period - Stopped by Matt Murray.